 Dungeon Crawl Stone Soup version 0.30-a0-777-ga9a30cbeda (webtiles) character file.

Game seed: 924664229206662470

19 Ceno the Vexing (level 2, 0/21 HPs)
             Began as a Barachi Hexslinger on Feb 15, 2023.
             Hit by a javelin thrown by a gnoll (7 damage)
             ... on level 1 of the Dungeon.
             The game lasted 00:03:14 (517 turns).

Ceno the Vexing (Barachi Hexslinger)                 Turns: 517, Time: 00:03:15

Health: 0/21       AC:  2    Str: 11    XL:     2   Next: 75%
Magic:  2/3        EV: 12    Int: 13    God:
Gold:   23         SH:  0    Dex: 12    Spells: 2/3 levels left

rFire   . . .      SeeInvis .    a - +1 sling
rCold   . . .      Faith    .    (no shield)
rNeg    . . .      Spirit   .    c - +0 robe
rPois   .          Reflect  .    (no helmet)
rElec   .          Harm     .    (no cloak)
rCorr   .          Rampage  .    (no gloves)
Will    .....                    (no boots)
Stlth   ++                       (no amulet)
HPRegen 0.23/turn                (no ring)
MPRegen 0.08/turn                (no ring)

@: unable to hop, slow
A: amphibious, slowness 1, strong legs 1, +LOS
a: Hop


You were on level 1 of the Dungeon.
You visited 1 branch of the dungeon, and saw 1 of its levels.

You collected 23 gold pieces.

Inventory:

Hand Weapons
 a - a +1 sling (weapon)
Armour
 c - a +0 robe (worn)
Scrolls
 b - a scroll of poison
Potions
 d - a potion of resistance {unknown}


   Skills:
 - Level 1.2 Fighting
 - Level 2.0 Ranged Weapons
 - Level 2.1 Dodging
 + Level 2.3 Stealth
 - Level 1.1 Spellcasting
 - Level 3.2 Hexes


You had 2 spell levels left.
You knew the following spells:

 Your Spells              Type           Power      Damage    Failure   Level
a - Slow                  Hex            36%        N/A       8%          1

Your spell library contained the following spells:

 Spells                   Type           Power      Damage    Failure   Level
 Inner Flame              Hex/Fire       4%         N/A       38%         3
 Portal Projectile        Hex/Tloc       8%         N/A       38%         3
 Cause Fear               Hex            4%         N/A       58%         4


Dungeon Overview and Level Annotations

Branches:
Dungeon (1/15)

Altars:


Innate Abilities, Weirdness & Mutations

You are amphibious.
You cover ground slowly.
You can hop short distances.
You have an extended range of vision and can be seen from far away.


Message History

Aim: a gnoll, wielding a +0 spear and quivering javelins (moderately wounded, slow, 60% to hit)
You shoot a sling bullet.
The sling bullet hits the gnoll but does no damage.
The gnoll is moderately wounded.
The gnoll throws a javelin.
The javelin completely misses you.
Fire: a) +1 sling
Press: ? - help, Q - select action, (/) - cycle Shift-Dir - straight line, f/p - gnoll
Aim: a gnoll, wielding a +0 spear and quivering javelins (moderately wounded, slow, 60% to hit)
You shoot a sling bullet.
The sling bullet closely misses the gnoll.
The gnoll is no longer moving slowly.
Fire: a) +1 sling
Press: ? - help, Q - select action, (/) - cycle Shift-Dir - straight line, f/p - gnoll
Aim: a gnoll, wielding a +0 spear and quivering javelins (moderately wounded, 60% to hit)
You shoot a sling bullet.
The sling bullet completely misses the gnoll.
The gnoll throws a javelin.
The javelin pierces through you.
* * * LOW HITPOINT WARNING * * *
Fire: a) +1 sling
Press: ? - help, Q - select action, (/) - cycle Shift-Dir - straight line, f/p - gnoll
Aim: a gnoll, wielding a +0 spear and quivering javelins (moderately wounded, 60% to hit)
You shoot a sling bullet. The sling bullet hits the gnoll.
The gnoll is moderately wounded.
Fire: a) +1 sling
Press: ? - help, Q - select action, (/) - cycle Shift-Dir - straight line, f/p - gnoll
Aim: a gnoll, wielding a +0 spear and quivering javelins (moderately wounded, 60% to hit)
You shoot a sling bullet. The sling bullet hits the gnoll.
The gnoll is severely wounded.
Hop to where?
Press: ? - help, Dir - move target, p - gnoll Boing!
The gnoll throws a javelin.
The javelin barely misses you.
Casting: Slow (safe; 8% risk of failure)
Confirm with . or Enter, or press ? or * to list all spells.
Aiming: Slow (safe; 8% risk of failure)
Press: ? - help, Shift-Dir - straight line, f - gnoll
Aim: a gnoll, wielding a +0 spear and quivering javelins (severely wounded, chance to affect: 51%)
The gnoll resists with significant effort.
The gnoll throws a javelin.
The javelin pierces through you!
You die...

....##...............##..........
.....................##+#........
....##...........................
..........###.#.............###..
....####'## #.#..................
... #.# #.#.............###..
....####.####.#......##..........
....>................+...........
.....###.##...#.@....##.#.#..##.#
... #.............+..........# .
#.##.....#....#..#.#..####
..###.##.#.#.#....#..#.#......
.............+....#. #.#..####
..##..##.#.#)#....#. #..# #
#..........##'## #..# #
#..##.#.#..##.## # #.
#.#..g...... .


You could see a gnoll.

Vanquished Creatures
  A dart slug (D:1)
  2 endoplasms (D:1)
  3 giant cockroaches (D:1)
  A hobgoblin (D:1)
  3 jackals (D:1)
  A quokka (D:1)
  3 kobolds (D:1)
14 creatures vanquished.

Notes
Turn   | Place    | Note
-------+----------+-------------------------------------------
     0 | D:1      | Ceno the Barachi Hexslinger began the quest for the Orb.
     0 | D:1      | Reached XP level 1. HP: 15/15 MP: 2/2
   110 | D:1      | Reached skill level 1 in Stealth
   160 | D:1      | Reached XP level 2. HP: 21/21 MP: 1/3
   517 | D:1      | Hit by a javelin thrown by a gnoll

Illustrated notes

Levels and vault maps discovered:
D:1:      dpeg_arrival_triangle_fractal, layout_basic

Skill      XL: |  1  2 |
---------------+-------+-----
Stealth        | 1 2 |  2.3
Fighting       | |  1.2
Ranged Weapons | |  2.0
Dodging        | |  2.1
Spellcasting   | |  1.1
Hexes          | |  3.2

Action                     || total
---------------------------++-------
   Fire: Sling             ||    60
   Cast: Slow              ||    18
Ability: Hop               ||     4
 Armour: Robe              ||     8
  Dodge: Dodged            ||    16

Table legend: (Time is in decaauts)
 A = Elapsed time spent in this place.
 B = Non-inter-level travel time spent in this place.
 C = Inter-level travel time spent in this place.
 D = Time resting spent in this place.
 E = Time spent auto-exploring this place.
 F = Levels seen in this place.
 G = Mean time per level.
                   A        B        C        D        E       F      G
               +--------+--------+--------+--------+--------+-----+--------+
         Total |    593 |    593 |      0 |    113 |    180 |   1 |  593.0 |
       Dungeon |    593 |    593 |      0 |    113 |    180 |   1 |  593.0 |
               +--------+--------+--------+--------+--------+-----+--------+

Top non-repeatable levels by time:
     D:1: 593 daAuts
